cohdb
Replays
Latest Replays
All Replays
Popular Replays
Top Player Replays
Match Explorer
How It Works
Community
CoH3 Stats
Reddit
Sign in to upload your games and track your stats! →
Sign in with Steam
Match 41704824
Unlisted
Match 41704824
Overview
Messages
Build Orders
End
Pioneer Squad
Selects Terror Battlegroup
Selects Terror Battlegroup
Construct Infanterie Kompanie
Grenadier Squad
Selects Machine Gun Camouflage
Grenadier Squad
MG 42 Machine Gun Team
MG 42 Machine Gun Team
Construct Panzergrenadier Kompanie
Selects Interrogate
Pak 40 Anti-tank Gun Team
251 Medium Carrier
Panzergrenadier Squad
Panzergrenadier Squad
Selects Propaganda Leaflet Drop
.
KevinTDW
Hanzawilhelm Longbowman of Crécy
CAPTAINSTRONG
0
0
Comments
sign in to comment!
No comments posted yet!